 Dungeon Crawl Stone Soup version 0.26.0-10-g1f06aea511 (webtiles) character file.

Game seed: 17833807198736798970

11263 Arum the Fighter (level 12, -2/101 HPs)
             Began as a Formicid Fighter on Jan 22, 2021.
             Was a High Priest of Makhleb.
             Killed from afar by a storm dragon (41 damage)
             ... with a bolt of lightning
             ... on level 12 of the Dungeon.
             The game lasted 00:17:36 (9963 turns).

Arum the Fighter (Formicid Fighter)                 Turns: 9963, Time: 00:17:36

Health: -2/101     AC: 24    Str: 26    XL:     12   Next: 5%
Magic:  12/12      EV:  5    Int: 12    God:    Makhleb [*****.]
Gold:   746        SH: 19    Dex: 10    Spells: 11/11 levels left

rFire    + . .     SeeInvis +   D - +8 mithril axe "Arga" {speed, Will+}
rCold    + . .     Faith    .   v - +2 kite shield
rNeg     . . .     Spirit   .   p - +4 gold dragon scales
rPois    +         Reflect  +   (helmet unavailable)
rElec    .         Harm     .   (no cloak)
rCorr    .         Rampage  .   O - +1 pair of gloves {archery}
Will     +++..                  m - +0 pair of boots
Stlth    ..........             f - amulet of reflection
HPRegen  0.26/turn              l - +6 ring of intelligence
MPRegen  0.13/turn              F - ring of willpower

@: no status effects
A: permanent stasis, dig shafts and tunnels, four strong arms, antennae 3, dopey
1
a: Dig, Shaft Self, Renounce Religion, Minor Destruction, Lesser Servant of
Makhleb, Major Destruction, Greater Servant of Makhleb


You were on level 12 of the Dungeon.
You worshipped Makhleb.
Makhleb was extremely pleased with you.
You visited 1 branch of the dungeon, and saw 12 of its levels.
You also visited: Sewer and Bailey.

You collected 746 gold pieces.

Inventory:

Hand Weapons
 n - a +0 great mace of freezing
 D - the +8 mithril axe "Arga" (weapon) {speed, Will+}
   (You found it on level 11 of the Dungeon)

   Attacks with this weapon are significantly faster.
   It affects your willpower, your defense against some magical effects.
 H - a +1 flail of holy wrath
 M - a +1 vorpal flail
 Q - a +0 lajatang
Armour
 m - a +0 pair of boots (worn)
 p - +4 gold dragon scales (worn)
 v - a +2 kite shield (worn)
 O - a +1 pair of gloves of archery (worn)
Jewellery
 f - an amulet of reflection (around neck)
 l - a +6 ring of intelligence (left hand)
 y - an uncursed amulet of guardian spirit {unknown}
 F - a ring of willpower (right hand)
 I - an uncursed amulet of regeneration {unknown}
Wands
 a - a wand of iceblast (28)
 b - a wand of acid (7)
 r - a wand of flame (23)
 z - a wand of polymorph (28)
 B - a wand of disintegration (6)
 G - a wand of paralysis (8)
Scrolls
 g - 6 scrolls of amnesia
 i - 2 scrolls of noise
 q - 3 scrolls of magic mapping
 s - 3 scrolls of summoning {unknown}
 u - 3 scrolls of identify
 A - 4 scrolls of remove curse
 J - a scroll of enchant armour
Potions
 c - a potion of berserk rage
 d - 3 potions of might
 e - a potion of invisibility
 h - 7 potions of curing
 j - 8 potions of heal wounds
 k - 3 potions of lignification
 o - 5 potions of brilliance
 t - 2 potions of cancellation {unknown}
 x - 5 potions of flight
 C - 2 potions of magic
 E - a potion of ambrosia {unknown}
 K - 2 potions of mutation {unknown}
 L - 4 potions of resistance
 P - a potion of experience {unknown}
Miscellaneous
 w - a lightning rod (4/4)


   Skills:
 + Level 11.7 Fighting
 * Level 5.1(8.2) Axes
 - Level 9.9(10.4) Maces & Flails
 + Level 9.3 Armour
 - Level 9.0 Shields


You had 11 spell levels left.
You didn't know any spells.
Your spell library contained the following spells:

 Spells                   Type           Power        Failure   Level
 Freeze                   Ice            0%           100%        1
 Frozen Ramparts          Ice            0%           100%        3
 Ozocubu's Armour         Ice            0%           100%        3
 Hailstorm                Conj/Ice       0%           100%        4
 Summon Ice Beast         Ice/Summ       0%           100%        4


Dungeon Overview and Level Annotations

Branches:
Dungeon (12/15)            Temple (0/1) D:7            Lair (0/6) D:8
    Orc (0/2) D:9           Sewer (visited)          Bailey (visited)

Altars:
Ashenzari
Cheibriados
Elyvilon
Fedhas
Kikubaaqudgha
Makhleb
Nemelex Xobeh
Qazlal
Ru
Uskayaw
Vehumet
Wu Jian
Zin
The Shining One

Shops:
D:9 :

Annotations:
D:8 1 runed translucent door, denisd0's ghost, novice OpEE
D:9 2 transporters, Arum's ghost, novice FoCj
D:10 exclusion: obsidian statue


Innate Abilities, Weirdness & Mutations

You cannot be hasted, slowed, berserked, paralysed or teleported.
You can dig through walls and to a lower floor.
Your four strong arms can wield two-handed weapons with a shield.
You have a pair of large antennae on your head. (SInv)
You are dopey. (Int -2)


Message History

You are too injured to fight recklessly!
You are too injured to fight recklessly!
You are too injured to fight recklessly!
You are too injured to fight recklessly!
You are too injured to fight recklessly!
You are too injured to fight recklessly!
You are too injured to fight recklessly!
You are too injured to fight recklessly!
You are too injured to fight recklessly!
You slash the storm dragon!
The storm dragon is severely wounded.
You block the storm dragon's attack. The storm dragon barely misses you.
The storm dragon tramples you but does no damage.
The storm dragon breathes lightning at you.
The bolt of lightning hits you!
You slice the storm dragon!!
The storm dragon is almost dead.
The storm dragon breathes lightning at you.
The bolt of lightning hits you!!!
You die...

#≈≈≈≈≈≈≈.#≈≈≈≈≈≈≈≈≈
##≈≈≈≈≈#.≈≈≈≈≈≈≈≈≈≈
##≈≈≈##.≈≈≈≈≈≈≈≈≈≈
###≈###<#≈≈≈≈≈≈≈≈≈
#.#####.##≈≈≈≈≈≈≈≈
#.......###≈≈≈≈...
######.#####
##≈≈≈... ##)#D.#.#
#≈≈.. #.#Q#@#.# #..
###C##..# #.#.####
#(###$ #[#.. ##
##$## ##. #


You could see a storm dragon (catching breath) and a cyclops.

Vanquished Creatures
  A stone giant (D:12)
  A hydra (D:12)
  A boulder beetle (D:11)
  An unseen horror (D:11)
  A cyclops (D:12)
  Maggie (D:6)
  Grinder (D:5)
  A meliai zombie (D:11)
  A wyvern (D:12)
  Sigmund (D:2)
  A tarantella (Bailey)
  8 yaks (D:9)
  Duvessa (D:5)
  2 water moccasins
  A phantom (D:6)
  7 orc warriors
  2 ice beasts
  3 sky beasts
  5 ogres
  A black bear (D:8)
  7 centaurs
  3 big kobolds
  7 bullfrogs
  A wyvern skeleton (D:8)
  Dowan (D:6)
  3 scorpions
  8 killer bees
  11 wights
  An electric eel (D:12)
  A centaur zombie (D:10)
  A bullfrog zombie (D:8)
  6 hounds
  3 jellies
  3 orc priests (D:6)
  7 orc wizards
  2 centaur skeletons
  An iguana (D:7)
  9 worker ants
  3 hound zombies
  2 worker ant zombies
  15 adders
  6 gnolls
  2 river rats (Sewer)
  6 shadow imps
  2 white imps
  3 ufetubi
  2 oozes
  3 adder skeletons
  2 worms
  2 dart slugs
  7 leopard geckos
  47 orcs
  4 giant cockroaches
  13 goblins
  5 hobgoblins
  2 jackals (D:7)
  4 quokkas
  10 ball pythons
  7 bats
  7 frilled lizards
  A jackal skeleton (D:4)
  24 kobolds
  A leopard gecko zombie (D:5)
  A quokka skeleton (D:9)
  27 rats
324 creatures vanquished.

Vanquished Creatures (others)
  A water moccasin (D:8)
  A dart slug (D:3)
  37 fungi (D:8)
  29 plants (D:8)
68 creatures vanquished.

Grand Total: 392 creatures vanquished

Notes
Turn   | Place    | Note
-------+----------+-------------------------------------------
     0 | D:1      | Arum the Formicid Fighter began the quest for the Orb.
     0 | D:1      | Reached XP level 1. HP: 18/18 MP: 1/1
     2 | D:1      | Noticed a gargoyle
     2 | D:1      | Noticed a dwarf
     4 | D:1      | Noticed a centaur
     4 | D:1      | Noticed a formicid
     6 | D:1      | Noticed a vine stalker
     8 | D:1      | Noticed a demonspawn
     8 | D:1      | Noticed a draconian
    10 | D:1      | Noticed a vampire
    10 | D:1      | Noticed a demigod
    12 | D:1      | Noticed a naga
    12 | D:1      | Noticed a tengu
    14 | D:1      | Noticed a minotaur
    14 | D:1      | Noticed a ghoul
    16 | D:1      | Noticed a merfolk
    18 | D:1      | Noticed a halfling
    18 | D:1      | Noticed an ogre
    20 | D:1      | Noticed a human
    22 | D:1      | Noticed an octopode
    22 | D:1      | Noticed a felid
    24 | D:1      | Noticed a troll
    24 | D:1      | Noticed an elf
    26 | D:1      | Noticed a spriggan
   341 | D:1      | Reached XP level 2. HP: 22/24 MP: 2/2
   506 | D:1      | Reached XP level 3. HP: 27/29 MP: 3/3
  1119 | D:2      | Reached XP level 4. HP: 36/37 MP: 4/4
  1597 | D:2      | Found a snail-covered altar of Cheibriados.
  1623 | D:2      | Reached skill level 4 in Fighting
  1696 | D:2      | Noticed Sigmund
  1706 | D:2      | Killed Sigmund
  1707 | D:2      | Reached skill level 5 in Shields
  1707 | D:2      | Reached XP level 5. HP: 43/43 MP: 5/5
  1707 | D:2      | Reached XP level 6. HP: 49/49 MP: 6/6
  2066 | D:3      | Found a burning altar of Makhleb.
  2074 | D:3      | Became a worshipper of Makhleb the Destroyer
  2179 | D:3      | Found a radiant altar of Vehumet.
  2527 | D:3      | Found a white marble altar of Elyvilon.
  2527 | D:3      | Found a stormy altar of Qazlal.
  2527 | D:3      | Found a broken altar of Ashenzari.
  2527 | D:3      | Found a glowing silver altar of Zin.
  2550 | D:3      | Found a glowing drain.
  2561 | Sewer    | Entered a sewer
  2604 | Sewer    | Reached XP level 7. HP: 54/55 MP: 7/7
  2735 | Sewer    | Reached * piety under Makhleb
  2763 | Sewer    | Reached skill level 5 in Fighting
  2763 | Sewer    | Reached skill level 5 in Armour
  3889 | D:4      | Reached ** piety under Makhleb
  3991 | D:4      | Reached XP level 8. HP: 54/64 MP: 8/8
  4093 | D:4      | Found an ancient bone altar of Kikubaaqudgha.
  4338 | D:5      | Entered Level 5 of the Dungeon
  4379 | D:5      | Reached skill level 6 in Fighting
  4402 | D:5      | Got a faintly glowing ring mail
  4403 | D:5      | Identified the cursed +1 ring mail of Xenges {rPois Regen+
                  | Dex+2} (You found it on level 5 of the Dungeon)
  4426 | D:5      | Found a sacrificial altar of Ru.
  4442 | D:5      | Noticed Grinder
  4452 | D:5      | Killed Grinder
  4453 | D:5      | Reached skill level 5 in Maces & Flails
  5001 | D:6      | Noticed Dowan
  5007 | D:6      | Reached skill level 7 in Fighting
  5015 | D:6      | Noticed Maggie
  5050 | D:5      | Reached XP level 9. HP: 30/72 MP: 9/9
  5075 | D:5      | Reached *** piety under Makhleb
  5124 | D:6      | Killed Dowan
  5141 | D:6      | Noticed Duvessa
  5160 | D:5      | Killed Duvessa
  5218 | D:6      | Killed Maggie
  5249 | D:6      | Reached skill level 8 in Fighting
  5808 | D:7      | Found a flagged portal.
  5818 | Bailey   | Entered a bailey
  5888 | Bailey   | Reached **** piety under Makhleb
  5906 | Bailey   | Noticed an orc knight
  5918 | Bailey   | an orc knight changed into a tarantella
  5921 | Bailey   | Reached skill level 9 in Fighting
  5921 | Bailey   | Reached XP level 10. HP: 83/83 MP: 10/10
  5979 | Bailey   | Got a faintly humming plate armour
  5985 | Bailey   | Identified the +8 plate armour of Ennui {Str+2 Int-2
                  | Stlth+} (You found it in a bailey)
  6269 | D:7      | Found a snail-covered altar of Cheibriados.
  6683 | D:7      | Found an ornate altar of the Wu Jian Council.
  6786 | D:7      | Found a staircase to the Ecumenical Temple.
  7037 | D:8      | Reached skill level 10 in Fighting
  7070 | D:8      | Reached ***** piety under Makhleb
  7075 | D:8      | Found a staircase to the Lair.
  7423 | D:8      | Found a runed translucent door.
  7425 | D:8      | Noticed a cyclops
  7425 | D:8      | Noticed denisd0's ghost (novice OpEE)
  7541 | D:9      | Reached XP level 11. HP: 86/92 MP: 11/11
  7693 | D:9      | Found Pudghocwue's Book Shop.
  7871 | D:9      | Found a transporter.
  7872 | D:9      | Found a staircase to the Orcish Mines.
  7928 | D:9      | Noticed a toenail golem
  7931 | D:9      | Noticed a hell hog
  7932 | D:9      | Found a transporter.
  7932 | D:9      | Noticed Arum's ghost (novice FoCj)
  7970 | D:9      | Noticed a toenail golem
  8094 | D:9      | Found a faded altar of an unknown god.
  8094 | D:9      | Found a hide-covered altar of Uskayaw.
  8099 | D:9      | Found a faded altar of an unknown god.
  8101 | D:9      | Found a sparkling altar of Nemelex Xobeh.
  8103 | D:9      | Found a sacrificial altar of Ru.
  8355 | D:10     | Entered Level 10 of the Dungeon
  8356 | D:10     | Noticed an obsidian statue
  8359 | D:10     | Gained mutation: You are dopey. (Int -2) [a neqoxec]
  8502 | D:10     | Found a blossoming altar of Fedhas.
  9033 | D:11     | Reached skill level 11 in Fighting
  9142 | D:11     | Found the +8 mithril axe "Arga" {speed, Will+}
  9292 | D:11     | Noticed an unseen horror
  9303 | D:11     | Killed an unseen horror
  9304 | D:11     | Reached skill level 1 in Axes
  9399 | D:11     | Noticed a boulder beetle
  9429 | D:11     | Killed a boulder beetle
  9671 | D:12     | Found a glowing golden altar of the Shining One.
  9815 | D:12     | Noticed a cyclops
  9822 | D:12     | Killed a cyclops
  9933 | D:12     | Noticed a stone giant
  9933 | D:12     | Noticed a tengu reaver
  9933 | D:12     | Noticed a five-headed hydra
  9940 | D:12     | Killed a five-headed hydra
  9942 | D:12     | Noticed a storm dragon
  9949 | D:12     | Killed a stone giant
  9950 | D:12     | Reached skill level 5 in Axes
  9950 | D:12     | Reached XP level 12. HP: 92/101 MP: 12/12
  9963 | D:12     | Killed from afar by a storm dragon

Illustrated notes

Levels and vault maps discovered:
D:1:      kb_arrival_jail, layout_basic
D:2:      layout_basic, lemuel_crystal_altar, glass_columns_a, uniq_sigmund
D:3:      layout_basic, lightli_temple_of_fire, fiery_altar_vehumet,
          chequers_temple_overflow_statue_of_worship, portal_sewer_entry_b
D:4:      layout_gridville, kiku_gazebo_garden_becter, st_stairs_10,
          eino_tiny_chamber
D:5:      layout_basic, basic_altar, uniq_grinder
D:6:      layout_cave_pools, uniq_maggie, uniq_duvessa
D:7:      layout_basic, kennysheep_little_box, temple_hall, enter_bailey_7,
          cheibriados_altar_1
D:8:      layout_rooms, due_lair_maze_entry_diamond, ebering_ghost_inner_flame
D:9:      layout_basic, chequers_temple_overflow_minitemple, orc_0_dummy,
          gammafunk_ghost_abyssal_escape, serial_shops, shop
D:10:     layout_cave_pools, minivault_16, fedhas_altar_1
D:11:     layout_roguey
D:12:     minmay_glassy_protrusions, layout_basic, basic_altar

Skill      XL: |  1  2  3  4  5  6  7  8  9 10 11 |
---------------+----------------------------------+-----
Shields        | 4 5 6 7 9 |  9.0
Fighting       | 4 5 7 9 10 11 | 11.7
Maces & Flails | 3 4 6 7 9 |  9.9
Armour         | 4 5 7 9 |  9.3
Axes           | 5 |  5.1

Action                   |  1- 3 |  4- 6 |  7- 9 | 10-12 || total
-------------------------+-------+-------+-------+-------++-------
Melee: Flail             |   112 |   108 |   503 |   425 ||  1148
       Broad axe         |       |       |       |    96 ||    96
       Great mace        |       |       |       |     5 ||     5
 Abil: Dig               |     1 |       |     4 |     3 ||     8
Evoke: Wand              |       |       |    18 |       ||    18
  Use: Scroll            |       |       |     6 |    22 ||    28
Armor: Scale mail        |    42 |    34 |   100 |       ||   176
       Ring mail         |       |       |    48 |     2 ||    50
       Plate armour      |       |       |       |    79 ||    79
       Gold dragon scale |       |       |       |   106 ||   106
Dodge: Dodged            |    26 |    32 |   147 |    77 ||   282
Block: Kite shield       |   113 |    95 |   596 |   487 ||  1291
       Reflection        |     6 |     6 |     7 |     9 ||    28
